AoeStats
← AM | MANCO-KUN

African Clearing

510955253Analyzed
2v2 RM · 10h ago on Oct 3, 2026· 42m 44s· 4 players
Game mode
Random Map
Map size
Medium (4 player)
Population
200
Speed
Normal
Resources
Standard
Victory
Conquest
Starting age
Dark Age
Ending age
Imperial Age
RankedLock teamsTeams togetherTeam positionsShared explorationLock speedFull tech treeHidden civsTurbo modeCheats
Victory
Defeat
🇹🇷 Persians · Türkiye
1411
+12
🇨🇴 Vietnamese · Colombia
1396
+13
🇨🇴 Magyars · Colombia
1362
-14
🇲🇽 Vietnamese · Mexico
1296
-11
sebastianschatzp
6:52 Loom
11:24 Feudal Age
11:55 Double-Bit Axe
16:35 Horse Collar
24:49 Castle Age
23:13 Gold Mining
24:07 Fletching
24:37 Bloodlines
25:36 Bodkin Arrow
26:34 Heavy Plow
27:45 Bow Saw
28:22 Ballistics
28:13 Husbandry
28:39 Pikeman
32:26 Scale Barding Armor
33:14 Wheelbarrow
33:04 Town Watch
34:43 Thumb Ring
41:08 Hand Cart
44:35 Imperial Age
KİNGBURAK53
12:39 Feudal Age
11:35 Loom
13:28 Double-Bit Axe
16:35 Castle Age
19:23 Bow Saw
19:45 Fletching
22:08 Horse Collar
26:11 Wheelbarrow
26:23 Gold Mining
27:20 Bloodlines
27:10 Husbandry
27:35 Scale Barding Armor
28:14 Forging
29:37 Chain Barding Armor
29:45 Husbandry
30:25 Iron Casting
34:34 Hand Cart
39:11 Imperial Age
37:45 Heavy Plow
38:25 Gold Shaft Mining
37:41 Stone Mining
37:45 Light Cavalry
38:50 Cavalier
40:50 Conscription
41:07 Plate Barding Armor
41:33 Blast Furnace
40:15 Savar
41:32 Coinage
41:51 Stone Shaft Mining
41:02 Town Watch
42:21 Two-Man Saw
AM | MANCO-KUN
3:22 Loom
11:35 Feudal Age
14:10 Fletching
18:30 Padded Archer Armor
25:36 Castle Age
24:23 Double-Bit Axe
26:38 Wheelbarrow
25:50 Crossbowman
26:38 Thumb Ring
28:35 Gold Mining
30:09 Bodkin Arrow
30:30 Leather Archer Armor
35:06 Bow Saw
37:57 Stone Mining
38:42 Ballistics
38:28 Horse Collar
38:18 Pikeman
38:58 Squires
40:24 Forging
40:15 Scale Mail Armor
40:50 Treadmill Crane
41:08 Elite Skirmisher
45:08 Imperial Age
AM | AndresBC
6:37 Loom
12:39 Feudal Age
13:53 Double-Bit Axe
14:50 Horse Collar
20:33 Scale Barding Armor
25:21 Castle Age
23:41 Bloodlines
26:00 Town Watch
25:39 Light Cavalry
26:54 Chain Barding Armor
27:11 Husbandry
36:37 Wheelbarrow
36:51 Corvinian Army
39:48 Fletching
Connection lost

Rejoining the realm…

Still unreachable

The connection could not be restored.

Session expired

The server has moved on; the page needs a fresh start.